 Dungeon Crawl Stone Soup version 0.21-a0-394-gdc75ea7 (webtiles) character file.

296 Kavrick the Slasher (level 6, -9/49 HPs)
             Began as a Formicid Monk on Oct 18, 2017.
             Killed by divine providence
             ... invoked by an orc priest
              (11 damage)
             ... on level 3 of the Dungeon.
             The game lasted 00:06:36 (3101 turns).

Kavrick the Slasher (Formicid Monk)                 Turns: 3101, Time: 00:06:37

Health: -9/49      AC: 10    Str: 17    XL:     6   Next: 62%
Magic:  6/6        EV:  8    Int: 10    God:
Gold:   87         SH:  0    Dex: 13    Spells: 5/5 levels left

rFire    . . .     SeeInvis +   a - +0 falchion
rCold    . . .     Gourm    .   (no shield)
rNeg     . . .     Faith    .   u - +0 chain mail
rPois    .         Spirit   .   (helmet unavailable)
rElec    .         Reflect  .   (no cloak)
rCorr    .         Harm     .   l - +0 pair of gloves
MR       .....                  (no boots)
Stlth    ..........             (no amulet)
HPRegen  0.16/turn              (no ring)
MPRegen  0.10/turn              (no ring)

@: no status effects
A: permanent stasis, dig shafts and tunnels, four strong arms, antennae 3
a: Dig, Shaft Self


You were on level 3 of the Dungeon.
You were not hungry.

You visited 1 branch of the dungeon, and saw 3 of its levels.

You collected 87 gold pieces.

Inventory:

Hand Weapons
 a - a +0 falchion (weapon)
Armour
 l - a +0 pair of gloves (worn)
 u - a +0 chain mail (worn)
Scrolls
 b - 2 scrolls of remove curse {unknown}
 e - a scroll of enchant armour {unknown}
 h - 3 scrolls of identify {unknown}
 k - a scroll of fear {unknown}
 n - a scroll of amnesia {unknown}
 o - a scroll of enchant weapon {unknown}
 q - 3 scrolls of teleportation {unknown}
 r - a scroll of magic mapping {unknown}
 t - a scroll of noise {unknown}
Potions
 d - 3 potions of lignification {unknown}
 g - a potion of might {unknown}
 i - a potion of berserk rage {unknown}
 p - a potion of haste {unknown}
 s - a potion of flight {unknown}
Comestibles
 c - 2 bread rations
 f - 2 meat rations
 j - 3 fruits
 m - 4 chunks of flesh


   Skills:
 + Level 4.7 Fighting
 + Level 5.3 Long Blades
 + Level 3.0 Armour
 - Level 2.6 Dodging
 - Level 2.4 Stealth


You had 5 spell levels left.
You didn't know any spells.

Dungeon Overview and Level Annotations

Branches:
Dungeon (3/15)

Altars:
Hepliaklqana


Innate Abilities, Weirdness & Mutations

You cannot be hasted, slowed, berserked, paralysed or teleported.
You can dig through walls and to a lower floor.
Your four strong arms can wield two-handed weapons with a shield.
You have a pair of large antennae on your head. (SInv)


Message History

The orc wizard completely misses you.
You riposte.
You slash the orc wizard!
The orc wizard is severely wounded.
You hit the orc priest.
The orc priest is severely wounded.
The orc wizard gestures wildly while chanting.
The orc wizard blinks!
The orc hits you but does no damage.
The orc priest looks satisfied for a moment.
You closely miss the orc priest.
The orc priest is severely wounded.
The orc barely misses you.
The orc priest calls down the wrath of Beogh upon you.
Beogh smites you!
* * * LOW HITPOINT WARNING * * *
You hit the orc priest.
The orc priest is severely wounded.
The orc wizard hits you with a dagger.
* * * LOW HITPOINT WARNING * * *
The orc priest invokes the aid of Beogh against you.
Beogh smites you!
You die...

#......^..###
##.......##
##..>..## ##...##
### ##'## ..# #.#
#.# #.# #o# ##.##
#####@#######...##
#....oo...##.....#
##
#.###.###.###...##
##. #.###.####.##
##..
#.>........####...
#####.####.....)..
.#######.#
#.####...
.........# #.#
##.. ##########
#.# ##.


You could see an orc priest, an orc wizard and an orc.

Vanquished Creatures
  An orc priest (D:3)
  2 orc wizards (D:3)
  Jessica (D:2)
  Terence (D:3)
  Robin (D:1)
  A gnoll (D:1)
  3 adders
  An ooze (D:1)
  2 worms (D:2)
  A dart slug (D:1)
  3 leopard geckos
  2 orcs (D:3)
  4 giant cockroaches
  17 goblins
  13 hobgoblins
  16 jackals
  A quokka (D:3)
  10 bats
  A frilled lizard (D:2)
  4 kobolds
  9 rats
94 creatures vanquished.

Notes
Turn   | Place    | Note
-------+----------+-------------------------------------------
     0 | D:1      | Kavrick the Formicid Monk began the quest for the Orb.
     0 | D:1      | Reached XP level 1. HP: 18/18 MP: 1/1
    43 | D:1      | Reached XP level 2. HP: 19/24 MP: 2/2
   310 | D:1      | Reached skill level 1 in Armour
   350 | D:1      | Reached XP level 3. HP: 21/29 MP: 3/3
  1023 | D:1      | Reached XP level 4. HP: 35/37 MP: 4/4
  1256 | D:1      | Reached skill level 4 in Long Blades
  1863 | D:2      | Noticed Jessica
  1871 | D:2      | Killed Jessica
  1871 | D:2      | Reached XP level 5. HP: 42/42 MP: 5/5
  2160 | D:2      | Found a hazy altar of Hepliaklqana.
  2162 | D:2      | Noticed Robin
  2318 | D:1      | Killed Robin
  2801 | D:3      | Noticed Terence
  2817 | D:3      | Killed Terence
  2817 | D:3      | Reached XP level 6. HP: 38/49 MP: 6/6
  2904 | D:3      | Reached skill level 5 in Long Blades
  3101 | D:3      | HP: 2/49 [orc wizard/dagger (2)]
  3101 | D:3      | Killed from afar by an orc priest

Vault maps used:
D:1:      dpeg_arrival_rhombus
D:2:      old_standard_altar, uniq_jessica, uniq_robin
D:3:      uniq_sigmund, uniq_terence

Skill      XL: |  1  2  3  4  5  6 |
---------------+-------------------+-----
Armour         | 1 2 3 |  3.0
Long Blades    | 4 5 |  5.3
Fighting       | 4 |  4.7
Dodging        | |  2.6
Stealth        | |  2.4

Action                   |  1- 3 |  4- 6 || total
-------------------------+-------+-------++-------
Melee: Falchion          |    81 |   225 ||   306
 Stab: Sleeping          |     1 |     4 ||     5
  Eat: Chunk             |       |     8 ||     8
Armor: Robe              |    14 |    10 ||    24
       Scale mail        |       |    44 ||    44
       Chain mail        |       |    38 ||    38
Dodge: Dodged            |    58 |   148 ||   206
       Rpst.: Falchion   |    19 |    56 ||    75

Table legend:
 A = Spawn XP
 B = Non-spawn XP
 C = Spawn XP percentage of total XP
 D = Spawn monster count
 E = Non-spawn monster count
 F = Spawn count percentage of total count
 G = Total turns spent on level
                    A         B        C        D         E        F      G
               +---------+---------+-------+---------+---------+-------+---------
         Total |       0 |     424 |   0.0 |       0 |      94 |   0.0 |  3101
               +---------+---------+-------+---------+---------+-------+---------
           D:1 |       0 |     109 |   0.0 |       0 |      42 |   0.0 |  1594
           D:2 |       0 |     138 |   0.0 |       0 |      41 |   0.0 |  1129
           D:3 |       0 |     177 |   0.0 |       0 |      11 |   0.0 |   378
               +---------+---------+-------+---------+---------+-------+---------
